 Seeded DCSS version 0.27-a0-1287-gca74d27db6 (webtiles) character file.

Game seed: 31141622101141340 (custom seed)

287 flotson the Skirmisher (level 6, -3/50 HPs)
             Began as a Demonspawn Fighter on June 14, 2021.
             Succumbed to a scorpion's poison
             ... on level 5 of the Dungeon.
             The game lasted 00:04:35 (3012 turns).

flotson the Skirmisher (Demonspawn Fighter)         Turns: 3012, Time: 00:04:36

Health: -3/50      AC:  8    Str: 18    XL:     6   Next: 8%
Magic:  6/6        EV:  8    Int: 11    God:
Gold:   82         SH: 13    Dex: 13    Spells: 5/5 levels left

rFire    . . .     SeeInvis .   a - +0 war axe
rCold    . . .     Faith    .   c - +0 kite shield
rNeg     . . .     Spirit   .   e - +0 scale mail
rPois    .         Reflect  .   (helmet restricted)
rElec    .         Harm     .   (no cloak)
rCorr    .         Rampage  .   (no gloves)
Will     +....                  (no boots)
Stlth    ..........             (no amulet)
HPRegen  0.16/turn              (no ring)
MPRegen  0.10/turn              (no ring)

@: lethally poisoned (-3 -> -20)
A: antennae 1, rugged brown scales 2, condensation shield, demonic magic 1,
clever 1, strong-willed 1
a: no special abilities


You were on level 5 of the Dungeon.
You visited 1 branch of the dungeon, and saw 5 of its levels.

You collected 82 gold pieces.

Inventory:

Hand Weapons
 a - a +0 war axe (weapon)
 b - a +0 hunting sling
Missiles
 g - 12 poisoned darts (quivered)
 h - 5 boomerangs
 l - 48 sling bullets
Armour
 c - a +0 kite shield (worn)
 e - a +0 scale mail (worn)
Scrolls
 i - a scroll of identify
Potions
 d - 2 potions of might
 j - a potion of haste {unknown}
 m - a potion of flight {unknown}
 n - a potion of ambrosia {unknown}
 o - a potion of invisibility {unknown}


   Skills:
 + Level 3.8 Fighting
 + Level 2.8 Axes
 + Level 1.7 Throwing
 + Level 3.4 Armour
 + Level 2.1 Dodging
 + Level 3.6 Shields


You had 5 spell levels left.
You didn't know any spells.
Your spell library was empty.

Dungeon Overview and Level Annotations

Branches:
Dungeon (6/15)
 Temple: D:4-7

Altars:


Innate Abilities, Weirdness & Mutations

You have a pair of small antennae on your head.
You are mostly covered in rugged brown scales. (AC +2, +5% HP)
A meltable shield of frost defends you. (SH +4)
Spells you cast may paralyse adjacent enemies.
Your mind is acute. (Int +2)
You are strong-willed. (Will+)


Message History

A gnoll comes into view. It is wielding a +0 spear.
The gnoll shouts!
You block the necrophage's attack.
The cyclops throws a large rock.
The large rock hits you!!
A gnoll comes into view. It is wielding a +0 flail.
Found a scroll labelled GUWKIG YBIBU.
A scorpion comes into view.
The gnoll shouts!
The hound barely misses you. The hound bites you.
Found a robe.
The hound bites you but does no damage. The scorpion barely misses you.
The scorpion stings you.
You are poisoned.
The scorpion poisons you!
Found 11 gold pieces.
You feel very sick. You block the hound's attack.
Okay, then.
As you read the scroll labelled NUIT JOAMN, it crumbles to dust.
It is a scroll of identify.
k - a scroll of teleportation You feel sick.
The hound closely misses you. The scorpion stings you.
* * * LOW HITPOINT WARNING * * *
As you read the scroll of teleportation, it crumbles to dust.
You feel strangely unstable.
You feel sick.
The hound stops to sniff the ground.
You block the hound's attack. The scorpion barely misses you.
The hound closely misses you.
Okay, then.
You feel sick. The scorpion stings you.
* * * LOW HITPOINT WARNING * * *
You are more poisoned.
The scorpion poisons you!
The necrophage hits you but does no damage.
Your surroundings seem slightly different.
* * * LOW HITPOINT WARNING * * *
You feel very sick.
It was a potion of mutation.
You feel extremely strange.
You feel strong-willed.
You feel clever.
You die...

##......#
##.......##
#.........#
#.........#
######.........#
###....#...ยง.....#
.....?.#.........#
#.....##..n....##
#....#.Cs.h...@#
###....#.g.......#
.......#........$#
.##gg..g.........#
....g..#.........#
#.#....##.......##
#..>.###...[.##
###### #######


You could see a cyclops, a necrophage, a scorpion, a hound and a gnoll.

Vanquished Creatures
  Sigmund (D:2)
  Natasha (thrice) (D:2)
  A worm (D:2)
  5 endoplasms
  A giant cockroach (D:1)
  3 goblins
  7 hobgoblins
  6 jackals (D:2)
  3 ball pythons (D:1)
  5 bats
  2 frilled lizards
  4 rats
41 creatures vanquished.

Vanquished Creatures (others)
  4 toadstools (D:1)
4 creatures vanquished.

Grand Total: 45 creatures vanquished

Notes
Turn   | Place    | Note
-------+----------+-------------------------------------------
     0 | D:1      | flotson the Demonspawn Fighter began the quest for the Orb.
     0 | D:1      | Reached XP level 1. HP: 18/18 MP: 1/1
   368 | D:1      | Gained mutation: You are partially covered in rugged brown
                  | scales. (AC +1, +3% HP) [demonic ancestry]
   368 | D:1      | Reached XP level 2. HP: 18/24 MP: 2/2
  1013 | D:2      | Noticed Natasha
  1033 | D:2      | Killed Natasha
  1034 | D:2      | Gained mutation: A meltable shield of frost defends you.
                  | (SH +4) [demonic ancestry]
  1034 | D:2      | Reached XP level 3. HP: 8/29 MP: 3/3
  1259 | D:2      | Noticed Natasha
  1275 | D:2      | Killed Natasha
  1276 | D:2      | Reached skill level 1 in Dodging
  1276 | D:2      | Gained mutation: You have a pair of small antennae on your
                  | head. [demonic ancestry]
  1276 | D:2      | Reached XP level 4. HP: 5/36 MP: 4/4
  1772 | D:2      | Noticed Natasha
  1780 | D:2      | Killed Natasha
  1781 | D:2      | Reached skill level 1 in Throwing
  1853 | D:2      | Noticed Sigmund
  2100 | D:2      | Killed Sigmund
  2101 | D:2      | Gained mutation: Spells you cast may paralyse adjacent
                  | enemies. [demonic ancestry]
  2101 | D:2      | Reached XP level 5. HP: 13/43 MP: 5/5
  2101 | D:2      | Gained mutation: You are mostly covered in rugged brown
                  | scales. (AC +2, +5% HP) [demonic ancestry]
  2101 | D:2      | Reached XP level 6. HP: 13/50 MP: 6/6
  2981 | D:3      | You fall into a shaft and drop 3 floors!
  2984 | D:6      | Noticed a sky beast
  2994 | D:6      | Noticed a cyclops
  3000 | D:5      | Entered Level 5 of the Dungeon
  3011 | D:5      | HP: 1/50 [poisoned by a scorpion]
  3012 | D:5      | Gained mutation: You are strong-willed. (Will+) [potion of
                  | mutation]
  3012 | D:5      | Gained mutation: Your mind is acute. (Int +2) [potion of
                  | mutation]
  3012 | D:5      | Succumbed to a scorpion's poison

Illustrated notes

Levels and vault maps discovered:
D:1:      ldierk_walled_garden_2, layout_loops_ring
D:2:      layout_basic, serial_aquarium, aquarium_bridge_square
          [aquarium_subvault_bridge, aquarium_subvault_window,
          aquarium_subvault_bridge, aquarium_subvault_bridge],
          aquarium_bridge_straight [aquarium_subvault_bridge,
          aquarium_subvault_wall, aquarium_subvault_bridge,
          aquarium_subvault_balcony], aquarium_window_fake, aquarium_window_2,
          aquarium_view_2e, uniq_natasha, uniq_sigmund
D:3:      layout_basic, regret_index_temple_of_mockery, serial_curves,
          eino_curves_02, eino_curves_04, eino_curves_01
D:5:      layout_rooms
D:6:      layout_gridville, gammafunk_temple_overflow_pools,
          minmay_temple_entry_stoned_glass, portal_sewer_entry_f,
          minmay_manual_mess

Skill      XL: |  1  2  3  4 |
---------------+-------------+-----
Axes           | 2 |  2.8
Armour         | 3 |  3.4
Shields        | 3 |  3.6
Dodging        | 1 2 |  2.1
Throwing       | 1 |  1.7
Fighting       | |  3.8

Action                   |  1- 3 |  4- 6 || total
-------------------------+-------+-------++-------
Melee: War axe           |    93 |    62 ||   155
 Fire: Hunting sling     |     5 |     5 ||    10
  Use: Potion            |       |     2 ||     2
       Scroll            |       |     2 ||     2
Armor: Scale mail        |    60 |    41 ||   101
Dodge: Dodged            |    47 |    36 ||    83
Block: Kite shield       |    67 |    76 ||   143

Table legend: (Time is in decaauts)
 A = Elapsed time spent in this place.
 B = Non-inter-level travel time spent in this place.
 C = Inter-level travel time spent in this place.
 D = Time resting spent in this place.
 E = Time spent auto-exploring this place.
 F = Levels seen in this place.
 G = Mean time per level.
                   A        B        C        D        E       F      G
               +--------+--------+--------+--------+--------+-----+--------+
         Total |   3117 |   2988 |    129 |      0 |   2446 |   5 |  623.4 |
       Dungeon |   3117 |   2988 |    129 |      0 |   2446 |   5 |  623.4 |
               +--------+--------+--------+--------+--------+-----+--------+

Top non-repeatable levels by time:
     D:2: 1982 daAuts
     D:1: 1096 daAuts
     D:6: 18 daAuts
     D:5: 11 daAuts
     D:3: 7 daAuts
